 Dungeon Sprint DCSS version 0.22.1-1-ga44c0e56f4 (webtiles) character file.

91 MuseOD the Covert (level 4, -1/24 HPs)
             Began as a Spriggan Enchanter on Oct 3, 2018.
             Slain by a human (2 damage)
             ... in the Dungeon (Sprint III: "The Ten Rune Challenge").
             The game lasted 00:00:40 (242 turns).

MuseOD the Covert (Spriggan Enchanter)               Turns: 242, Time: 00:00:40

Health: -1/24      AC:  2    Str:  4    XL:     4   Next: 34%
Magic:  0/9        EV: 18    Int: 17    God:
Gold:   20         SH:  0    Dex: 16    Spells: 2/8 levels left

rFire    . . .     SeeInvis +   a - +1 dagger
rCold    . . .     Gourm    .   (shield restricted)
rNeg     . . .     Faith    .   b - +0 robe
rPois    .         Spirit   .   (helmet restricted)
rElec    .         Reflect  .   (no cloak)
rCorr    .         Harm     .   (gloves unavailable)
MR       .....     NoTele   +   (boots unavailable)
Stlth    ++++......             (no amulet)
HPRegen  0.08/turn              (no ring)
MPRegen  0.11/turn              (no ring)

@: very quick
A: very small, unfitting armour, see invisible, herbivore, speed 3, slow
metabolism 2
a: no special abilities


You were in the Dungeon.
You were not hungry.

You visited 1 branch You collected 20 gold pieces.

Inventory:

Hand Weapons
 a - a +1 dagger (weapon)
Armour
 b - a +0 robe (worn)
Scrolls
 i - 2 scrolls of holy word {unknown}
 j - a scroll of blinking
 k - 2 scrolls of identify {unknown}
 l - a scroll of enchant weapon {unknown}
 m - 2 scrolls of remove curse
Potions
 c - 5 potions of mutation
 e - a potion of curing
 f - 2 potions of heal wounds
 g - a potion of haste
 h - 2 potions of magic
 n - a potion of flight {unknown}
Comestibles
 d - 3 rations


   Skills:
 + Level 3.3 Fighting
 * Level 6.7 Short Blades
 - Level 3.0 Dodging
 + Level 8.0 Stealth
 - Level 2.6 Spellcasting
 - Level 3.6 Hexes


You had 2 spell levels left.
You knew the following spells:

 Your Spells              Type           Power        Failure   Level  Hunger
a - Corona                Hex            ##.....      4%          1    #......
b - Ensorcelled Hibernat  Hex/Ice        #.....       13%         2    ##.....
c - Confuse               Hex            ##......     12%         3    ###....

Your spell library contained the following spells:

 Spells                   Type           Power        Failure   Level  Hunger
 Tukima's Dance           Hex            ##......     12%         3    ###....
 Dazzling Spray           Conj/Hex       #.....       26%         3    ###....


Dungeon Overview and Level Annotations

Branches:
Dungeon (1/1)

Altars:
Okawaru
Trog
Uskayaw
Wu Jian
Beogh


Innate Abilities, Weirdness & Mutations

You are very small and have problems with some larger weapons.
You are too small for most types of armour.
You have supernaturally acute eyesight. (SInv)
You are a herbivore.
You cover ground extremely quickly.
You need to consume almost no food.


Message History

Casting: Confuse (safe; 12% risk of failure)
Confirm with . or Enter, or press ? or * to list all spells.
Aiming: Confuse (safe; 12% risk of failure)
Press: ? - help, Shift-Dir - straight line, f/p - human
Aim: a human (unusually strong, chance to defeat MR: 45%)
The human resists with some effort.
The human misses you.
Casting: Confuse (safe; 12% risk of failure)
Confirm with . or Enter, or press ? or * to list all spells.
You don't have enough magic to cast that spell.
Unknown command.
Casting: Confuse (safe; 12% risk of failure)
Confirm with . or Enter, or press ? or * to list all spells.
You don't have enough magic to cast that spell.
Unknown command.
Okay, then.
You hit the human but do no damage. The human hits you!
* * * LOW HITPOINT WARNING * * *
The human rages.
You closely miss the human. The human hits you.
You die...

▓ ▓▓▓ #### ##.# #####
...#####..# #___#
....#..#..# #__.
#...#..#..###+#p###+##
##..##'#..#.....@....#
##..###...'.⌠........#
#..####...#...######+#
#†.###....#.⌠.#
...##.....#...#
...#......#+###
.##.#.....# .
####....# ▓ ▓▓▓▓▓▓


You could see a human.

Vanquished Creatures
  A water elemental (D)
  A human (D)
  A wolf (D)
  4 rats (D)
7 creatures vanquished.

Vanquished Creatures (others)
  A draconian scorcher (D)
  6 hellions (D)
  A yaktaur (D)
  8 plants (D)
16 creatures vanquished.

Grand Total: 23 creatures vanquished

Notes
Turn   | Place    | Note
-------+----------+-------------------------------------------
     0 | D        | MuseOD the Spriggan Enchanter began the quest for the Orb.
     0 | D        | Reached XP level 1. HP: 9/9 MP: 5/5
    60 | D        | Noticed a wolf
    78 | D        | Reached skill level 1 in Fighting
    78 | D        | Reached skill level 6 in Stealth
    78 | D        | Reached XP level 2. HP: 14/15 MP: 6/6
    87 | D        | Reached XP level 3. HP: 15/18 MP: 8/8
   106 | D        | Killed a hellion
   108 | D        | Killed a hellion
   111 | D        | Killed a yaktaur
   117 | D        | Learned a level 2 spell: Ensorcelled Hibernation
   120 | D        | Killed a hellion
   121 | D        | Learned a level 3 spell: Confuse
   126 | D        | Killed a hellion
   169 | D        | Killed a hellion
   170 | D        | Killed a hellion
   229 | D        | Noticed a water elemental
   231 | D        | Killed a water elemental
   231 | D        | Reached skill level 8 in Stealth
   231 | D        | Reached XP level 4. HP: 24/24 MP: 9/9
   232 | D        | Killed a white draconian scorcher
   235 | D        | Found a hide-covered altar of Uskayaw.
   235 | D        | Found a roughly hewn altar of Beogh.
   235 | D        | Found an iron altar of Okawaru.
   235 | D        | Found a bloodstained altar of Trog.
   235 | D        | Found an ornate altar of the Wu Jian Council.
   235 | D        | Noticed a human
   235 | D        | Noticed a human
   241 | D        | HP: 1/24 [human (11)]
   242 | D        | Slain by a human

Skill      XL: |  1  2  3 |
---------------+----------+-----
Short Blades   | 4 6 |  6.7
Fighting       | 1 2 3 |  3.3
Stealth        | 6 8 |  8.0
Dodging        | |  3.0
Spellcasting   | |  2.6
Hexes          | |  3.6

Action                   |  1- 3 |  4- 6 || total
-------------------------+-------+-------++-------
Melee: Dagger            |    28 |     2 ||    30
 Cast: Confuse           |       |     3 ||     3
  Use: Potion            |     1 |       ||     1
 Stab: Sleeping          |     3 |       ||     3
Armor: Robe              |     1 |       ||     1
Dodge: Dodged            |    13 |     1 ||    14
